 Dungeon Crawl Stone Soup version 0.31-a0-1019-g3dd9dd1025 (webtiles) character file.

Game seed: 14439277408499141954

121110 BinkBink the Executioner (level 16, 0/160 HPs)
             Began as a Minotaur Berserker on Nov 17, 2023.
             Was the Champion of Trog.
             Slain by a goliath frog (3 damage)
             ... on level 2 of the Swamp.
             The game lasted 00:38:41 (22845 turns).

BinkBink the Executioner (Minotaur Berserker)      Turns: 22845, Time: 00:38:42

Health: 0/160      AC: 19    Str: 36    XL:     16   Next: 31%
Magic:  15/15      EV: 10    Int:  4    God:    Trog [******]
Gold:   1616       SH:  0    Dex: 10    Spells: 15/15 levels left

rFire   + . .        y - +7 executioner's axe of the Two Names {flame, Fly}
rCold   . . .        (shield currently unavailable)
rNeg    . . .        D - +8 plate armour {rF+}
rPois   .            X - +0 hat
rElec   .            T - +1 cloak
rCorr   .            s - +2 pair of gloves {Stlth+}
SInv    +            v - +0 pair of boots
Will    +++..        o - amulet of regeneration
Stlth   x              - +6 ring of strength
HPRegen 2.26/turn    L - ring of see invisible
MPRegen 0.14/turn

%: no passive effects
@: strong-willed, corroded, flying, regenerating
A: horns 2, retaliatory headbutt
a: Renounce Religion, Berserk, Trog's Hand, Brothers in Arms


You were on level 2 of the Swamp.
You worshipped Trog.
Trog was exalted by your worship.
You visited 4 branches of the dungeon, and saw 24 of its levels.
You also visited: Ice Cave and Volcano.

You collected 2775 gold pieces.
You spent 1159 gold pieces at shops.

Inventory:

Hand Weapons
 y - the +7 executioner's axe of the Two Names (weapon) {flame, Fly}
   (Trog gifted it to you on level 1 of the Orcish Mines)

   Fly:       It grants you flight.
Missiles
 N - 2 throwing nets
Armour
 s - a +2 pair of gloves of stealth (worn)
 v - a +0 pair of boots (worn)
 D - a +8 plate armour of fire resistance (worn)
 T - a +1 cloak (worn)
 X - a +0 hat (worn)
Jewellery
 e - a ring of ice
 g - a +6 ring of dexterity
 o - an amulet of regeneration (around neck)
 x - a +6 ring of strength (left hand)
 L - a ring of see invisible (right hand)
 P - a ring of resist corrosion
 Q - a ring of protection from fire
 U - a ring of protection from cold
 W - the ring of Eheinon {rPois rC+}
   (You found it on level 15 of the Dungeon)

   [ring of protection from cold]

   rC+:       It protects you from cold.
   rPois:     It protects you from poison
Wands
 a - a wand of quicksilver (12)
 r - a wand of mindburst (33)
 A - a wand of flame (17)
 C - a wand of paralysis (11)
 J - a wand of roots (8)
 O - a wand of polymorph (8)
 S - a wand of digging (8)
Scrolls
 b - 4 scrolls of immolation
 c - 3 scrolls of blinking
 d - 14 scrolls of teleportation
 h - 6 scrolls of enchant weapon
 n - 2 scrolls of butterflies
 p - 2 scrolls of fear
 w - 2 scrolls of revelation
 E - a scroll of brand weapon
 G - 3 scrolls of fog
 H - 2 scrolls of identify
 K - a scroll of silence
 R - 3 scrolls of poison
Potions
 f - 3 potions of lignification
 i - 5 potions of might
 j - 4 potions of cancellation
 k - a potion of degeneration
 l - 3 potions of haste
 m - 5 potions of heal wounds
 q - 2 potions of ambrosia
 t - 4 potions of enlightenment
 u - a potion of attraction
 z - 6 potions of curing
 B - 2 potions of mutation


   Skills:
 + Level 19.0 Fighting
 * Level 23.1 Axes
 + Level 18.7 Armour
 - Level 2.1 Dodging


You had 15 spell levels left.
You didn't know any spells.
Your spell library was empty.

Dungeon Overview and Level Annotations

Branches:
Dungeon (15/15)            Temple (0/1) D:6            Lair (5/5) D:9
  Swamp (2/4) Lair:2       Spider (0/4) Lair:3        Slime (0/5) Lair:4
    Orc (2/2) D:9             Elf (0/3) Orc:2        Vaults (0/5) D:14
 Depths (0/4) D:15          IceCv (visited)         Volcano (visited)

Altars:
Ashenzari
Dithmenos
Hepliaklqana
Kikubaaqudgha
Makhleb
Okawaru
Sif Muna
Trog
Uskayaw

Shops:
D:5 :[   Orc:2 (=?*

Portals:
Pandemonium: Orc:2
Trove: D:14 (give +5 ice dragon scales)

Annotations:
Swamp:2 Roxanne


Innate Abilities, Weirdness & Mutations

You have a pair of horns on your head.
You reflexively headbutt those who attack you in melee.


Message History

You headbutt the swamp dragon, but do no damage.
The swamp dragon is almost dead.
You feel very sick.
The swamp dragon breathes poison at you.
The blast of poison engulfs you but does no damage.
You are more poisoned.
You are engulfed in poison gas.
You are more poisoned.
* * * LOW HITPOINT WARNING * * *
You feel extremely sick.
The swamp dragon bites you but does no damage.
The swamp dragon claws you.
* * * LOW HITPOINT WARNING * * *
The swamp dragon tramples you but does no damage.
You slash the swamp dragon! You burn the swamp dragon.
You kill the swamp dragon!
Trog accepts your kill.
The swamp dragon scales are intact enough to wear.
You are engulfed in poison gas.
You are lethally poisoned!
* * * LOW HITPOINT WARNING * * *
x2 You feel extremely sick.
You feel better.
You start resting.
A goliath frog comes into view.
The goliath frog moves out of view.
You start resting.
A goliath frog is nearby!
A goliath frog is nearby!
A goliath frog is nearby!
Your skin crawls.
You feel strong-willed.
Your cyclops goes berserk!
The goliath frog hits you from afar!
* * * LOW HITPOINT WARNING * * *
The acid corrodes you!
You are splashed with acid!
* * * LOW HITPOINT WARNING * * *
Your cyclops closely misses the goliath frog.
The goliath frog hits you from afar.
You die...

♣♣♣♣♣
♣♣.♣.♣♣
♣.C..§♣.♣♣♣
♣@.F~..~...
♣♣...§~..8.
♣~♣.♣..§...
♣...♣♣♣.§~~.
♣♣~♣ $~.~~
~~ ..~. ..
~..~ ♣♣. ~.~


You could see a goliath frog (ally target) and a friendly cyclops (summoned,
berserk).

Vanquished Creatures
  A shard shrike (IceCv)
  Jorgrun (Orc:1)
  Gastronok (D:8)
  An orc warlord (Orc:2)
  A very ugly thing (D:15)
  A white draconian (IceCv)
  The ghost of Turbonekonecno the Fighter, a journeyman MiHu of Okawaru (Lair:4)
  Snorg (Lair:3)
  2 fire dragons
  Fannar (Lair:1)
  A great orb of eyes (D:15)
  A vault guard (D:14)
  10 hydras
  2 ice dragons
  2 demonspawn (Orc:2)
  8 centaur warriors
  A death knight (D:14)
  4 boulder beetles
  5 ironbound frosthearts (IceCv)
  4 two-headed ogres
  3 tengu warriors
  Urug (Lair:2)
  7 orc high priests (Orc:2)
  4 sun demons
  A hell knight (Volcano)
  Nergalle (Lair:3)
  A skyshark (Lair:4)
  2 goliath frogs
  Amaemon (Lair:1)
  A swamp dragon (Swamp:2)
  A deep elf archer (Orc:2)
  An orange crystal statue (IceCv)
  A lindwurm (Lair:5)
  7 orc knights
  3 oklob plants (Lair:4)
  9 orc sorcerers
  A wolf spider (D:14)
  11 cyclopes
  26 ugly things
  5 manticores
  Maurice (D:8)
  7 black mambas
  Joseph (D:8)
  3 elephants (Lair:3)
  4 molten gargoyles
  A torpor snail (shapeshifter) (D:15)
  A smoke demon (Orc:2)
  4 gargoyles
  A torpor snail (Lair:2)
  2 orange demons
  17 rime drakes
  8 cane toads
  2 freezing wraiths (D:15)
  9 komodo dragons
  4 tengu conjurers
  10 trolls
  A red devil (Volcano)
  An ice devil (Orc:2)
  21 polar bears
  2 hornets (D:10)
  A hornet (shapeshifter) (D:15)
  2 tyrant leeches
  Grinder (D:6)
  6 blink frogs (Lair:3)
  Prince Ribbit (Lair:3)
  A blink frog (shapeshifter) (D:15)
  15 slime creatures
  A vampire (D:12)
  A centaur simulacrum (D:14)
  A shadow (D:6)
  2 wraiths
  A wyvern (Lair:3)
  5 fire bats
  7 basilisks
  27 yaks
  Eustachio (D:4)
  4 steam dragons
  8 vampire mosquitoes
  4 wargs
  4 swamp worms
  3 acid dragons
  Duvessa (D:7)
  6 hell hounds
  11 water moccasins
  A meliai simulacrum (D:14)
  3 sky beasts
  A swamp drake (Swamp:1)
  38 orc warriors
  A black bear (Lair:2)
  9 centaurs
  13 ogres
  A kobold brigand (D:9)
  13 bullfrogs
  4 gnoll sergeants
  4 scorpions
  Dowan (D:6)
  A vampire bat (Orc:2)
  2 electric eels
  10 howler monkeys
  9 lava snakes
  2 jellies (D:6)
  27 orc priests
  A gnoll bouda (Orc:2)
  3 hounds
  5 sleepcaps
  4 iguanas
  17 orc wizards
  Natasha (D:4)
  4 adders
  17 gnolls
  A shadow imp (D:6)
  2 white imps (D:6)
  2 worms (D:3)
  3 dart slugs
  65 orcs
  15 bats
  10 endoplasms
  6 goblins
  6 hobgoblins
  5 quokkas
  8 ball pythons
  5 frilled lizards
  10 kobolds
  3 rats
  A butterfly (Lair:1)
684 creatures vanquished.

Vanquished Creatures (others)
  A shadow (D:11)
  An orc wizard (D:8)
2 creatures vanquished.

Grand Total: 686 creatures vanquished

Notes
Turn   | Place    | Note
-------+----------+-------------------------------------------
     0 | D:1      | BinkBink the Minotaur Berserker began the quest for the
                  | Orb.
     0 | D:1      | Reached XP level 1. HP: 19/19 MP: 0/0
   194 | D:1      | Reached XP level 2. HP: 27/27 MP: 1/1
   317 | D:1      | Reached skill level 4 in Axes
   810 | D:2      | Reached ** piety under Trog
   864 | D:2      | Reached XP level 3. HP: 33/33 MP: 2/2
  1377 | D:2      | Reached XP level 4. HP: 5/41 MP: 3/3
  1849 | D:3      | Found an ancient bone altar of Kikubaaqudgha.
  2309 | D:3      | Reached *** piety under Trog
  2474 | D:4      | Noticed Natasha
  2483 | D:4      | Killed Natasha
  2484 | D:4      | Reached skill level 5 in Fighting
  2542 | D:4      | Noticed an ogre
  2548 | D:4      | Killed an ogre
  2549 | D:4      | Reached skill level 5 in Axes
  2549 | D:4      | Reached XP level 5. HP: 16/48 MP: 4/4
  2582 | D:4      | Found a broken altar of Ashenzari.
  2712 | D:4      | Noticed Eustachio
  2726 | D:4      | Killed Eustachio
  2727 | D:4      | Reached skill level 5 in Armour
  2727 | D:4      | Reached XP level 6. HP: 46/57 MP: 5/5
  3137 | D:4      | Reached skill level 6 in Axes
  3196 | D:5      | Entered Level 5 of the Dungeon
  3204 | D:5      | Reached XP level 7. HP: 64/64 MP: 6/6
  3244 | D:5      | Found Legruqav's Self-Published Books.
  3883 | D:5      | Found Vibrig's Armour Boutique.
  4277 | D:6      | Found a staircase to the Ecumenical Temple.
  4420 | D:6      | Reached skill level 7 in Axes
  4482 | D:6      | Noticed Grinder
  4503 | D:6      | Paralysed by Grinder for 4 turns
  4511 | D:6      | Paralysed by Grinder for 4 turns
  4519 | D:6      | Paralysed by Grinder for 4 turns
  4526 | D:6      | Killed Grinder
  4527 | D:6      | Reached XP level 8. HP: 51/73 MP: 7/7
  5038 | D:6      | Reached skill level 8 in Axes
  5350 | D:7      | Noticed Duvessa
  5350 | D:7      | Noticed Dowan
  5683 | D:6      | Reached XP level 9. HP: 56/83 MP: 8/8
  5690 | D:6      | Reached skill level 9 in Axes
  5863 | D:7      | Killed Duvessa
  5899 | D:6      | Reached **** piety under Trog
  5908 | D:6      | Killed Dowan
  6282 | D:7      | Found a hide-covered altar of Uskayaw.
  6408 | D:8      | Noticed a troll
  6424 | D:7      | Killed a troll
  6425 | D:7      | Reached skill level 10 in Fighting
  6503 | D:7      | Reached skill level 10 in Axes
  6566 | D:8      | Noticed Maurice
  6612 | D:8      | Something stole 257 gold
  6614 | D:8      | Something stole 279 gold
  6689 | D:8      | Killed Maurice
  6690 | D:8      | Reached skill level 10 in Armour
  6740 | D:8      | Noticed Joseph
  6747 | D:8      | Killed Joseph
  6748 | D:8      | Reached XP level 10. HP: 83/94 MP: 9/9
  6804 | D:8      | Noticed Gastronok
  7230 | D:8      | Reached skill level 11 in Axes
  7280 | D:8      | Found a shadowy altar of Dithmenos.
  7281 | D:8      | Found a hazy altar of Hepliaklqana.
  7458 | D:8      | Found a bloodstained altar of Trog.
  7462 | D:8      | Found a burning altar of Makhleb.
  7467 | D:8      | Found an iron altar of Okawaru.
  7612 | D:5      | Bought a +4 plate armour of fire resistance for 550 gold
                  | pieces
  7793 | D:9      | Noticed a two-headed ogre
  7939 | D:9      | Found a staircase to the Lair.
  7979 | D:9      | Reached ***** piety under Trog
  8329 | D:9      | Killed a two-headed ogre
  8460 | D:9      | Found a staircase to the Orcish Mines.
  8772 | D:10     | Entered Level 10 of the Dungeon
  8894 | D:10     | Reached skill level 12 in Axes
  8968 | D:10     | Reached XP level 11. HP: 83/105 MP: 10/10
  9276 | D:10     | Noticed a two-headed ogre
  9290 | D:10     | Killed a two-headed ogre
  9455 | D:10     | Found a shimmering blue altar of Sif Muna.
  9581 | D:11     | Noticed a cyan ugly thing
  9642 | Orc:1    | Entered Level 1 of the Orcish Mines
  9697 | Orc:1    | Noticed an orc sorcerer
  9715 | Orc:1    | Killed an orc sorcerer
  9715 | Orc:1    | Received a gift from Trog
 10035 | D:5      | Bought a +2 pair of gloves of stealth for 236 gold pieces
 10236 | Orc:1    | Noticed an orc knight
 10252 | Orc:1    | Killed an orc knight
 10253 | Orc:1    | Reached skill level 13 in Axes
 10516 | Orc:2    | Entered Level 2 of the Orcish Mines
 10597 | Orc:2    | Noticed a deep elf archer
 10597 | Orc:2    | Noticed an orc knight
 10611 | Orc:2    | Noticed an orc high priest
 10612 | Orc:2    | Killed a deep elf archer
 10615 | Orc:2    | Noticed an orc high priest
 10616 | Orc:2    | Killed an orc knight
 10619 | Orc:2    | Killed an orc high priest
 10621 | Orc:2    | Noticed an orc sorcerer
 10625 | Orc:2    | Reached skill level 14 in Axes
 10627 | Orc:2    | Killed an orc high priest
 10627 | Orc:2    | Paralysed by an orc sorcerer for 2 turns
 10634 | Orc:2    | Killed an orc sorcerer
 10637 | Orc:2    | Reached XP level 12. HP: 74/116 MP: 11/11
 10659 | Orc:2    | Noticed an orc warlord
 10794 | Orc:2    | Killed an orc warlord
 10932 | Orc:2    | Found a staircase to the Elven Halls.
 10969 | Orc:2    | Found a burning altar of Makhleb.
 11286 | Orc:2    | Reached skill level 15 in Axes
 11293 | Orc:2    | Found Somomen's Magic Scroll Emporium.
 11321 | Orc:2    | Reached ****** piety under Trog
 11322 | Orc:2    | Found Henuchi's General Store.
 11374 | Orc:2    | Noticed an orc high priest
 11382 | Orc:2    | Killed an orc high priest
 11396 | Orc:2    | Reached skill level 16 in Axes
 11402 | Orc:2    | Noticed an orc high priest
 11402 | Orc:2    | Noticed a demonspawn
 11407 | Orc:2    | Noticed an orc high priest
 11780 | Orc:1    | Noticed Jorgrun
 11790 | Orc:1    | Killed Jorgrun
 11853 | Orc:1    | Identified the +7 executioner's axe of the Two Names
                  | {flame, Fly} (Trog gifted it to you on level 1 of the
                  | Orcish Mines)
 11853 | Orc:1    | Received a gift from Trog
 12070 | Orc:2    | Killed an orc high priest
 12076 | Orc:2    | Reached skill level 15 in Fighting
 12078 | Orc:2    | Reached XP level 13. HP: 126/126 MP: 12/12
 12130 | Orc:2    | Reached skill level 17 in Axes
 12164 | Orc:2    | Reached skill level 15 in Armour
 12167 | Orc:2    | Found Marirewo's Jewellery Shop.
 12167 | Orc:2    | Found a one-way gate leading to the halls of Pandemonium.
 12167 | Orc:2    | Found Raggu's Antique Weapon Boutique.
 12204 | Orc:2    | Bought a scroll of fog for 64 gold pieces
 12204 | Orc:2    | Bought a scroll of identify for 32 gold pieces
 12204 | Orc:2    | Bought a scroll of identify for 32 gold pieces
 12204 | Orc:2    | Bought a scroll of identify for 32 gold pieces
 12204 | Orc:2    | Bought a scroll of teleportation for 48 gold pieces
 12204 | Orc:2    | Bought a scroll of revelation for 120 gold pieces
 12206 | Orc:2    | Bought a scroll of teleportation for 45 gold pieces
 12432 | Lair:1   | Entered Level 1 of the Lair of Beasts
 12554 | Lair:1   | Noticed Amaemon
 12562 | Lair:1   | Killed Amaemon
 12668 | Lair:1   | Found a dark tunnel.
 12685 | Volcano  | Entered a volcano
 12884 | Volcano  | Found a radiant altar of Vehumet.
 13227 | Lair:1   | Noticed Fannar
 13233 | Lair:1   | Killed Fannar
 13538 | Lair:1   | Reached skill level 18 in Axes
 13884 | Lair:2   | Noticed Urug
 13899 | Lair:2   | Killed Urug
 14566 | Lair:2   | Found a staircase to the Swamp.
 14731 | Lair:3   | Reached XP level 14. HP: 92/137 MP: 13/13
 14796 | Lair:3   | Noticed Snorg
 14804 | Lair:3   | Killed Snorg
 14883 | Lair:3   | Noticed Nergalle
 14891 | Lair:3   | Killed Nergalle
 15024 | Lair:3   | Noticed Prince Ribbit
 15032 | Lair:3   | Killed Prince Ribbit
 15228 | Lair:3   | Found a hole to the Spider Nest.
 15248 | Lair:3   | Reached skill level 19 in Axes
 15572 | Lair:4   | Found a broken altar of Ashenzari.
 15777 | Lair:4   | Found a large runed translucent door.
 15777 | Lair:4   | Found a large runed translucent door.
 15781 | Lair:4   | Noticed Turbonekonecno's ghost (journeyman MiHu)
 15811 | Lair:4   | Received a gift from Trog
 15869 | Lair:4   | Found a staircase to the Slime Pits.
 16421 | Lair:4   | Killed Turbonekonecno's ghost
 16565 | Lair:5   | Entered Level 5 of the Lair of Beasts
 16725 | Lair:5   | Identified the serpent talisman of the Tuna {rPois}
 17218 | Lair:5   | Found a large runed translucent door.
 17218 | Lair:5   | Found a large runed translucent door.
 17250 | Lair:5   | Reached skill level 20 in Axes
 19075 | D:13     | Reached XP level 15. HP: 137/147 MP: 14/14
 19798 | D:14     | Received a gift from Trog
 19801 | D:14     | Reached skill level 21 in Axes
 19925 | D:14     | Identified the +1 scale mail of Greater Demons {-Tele rPois
                  | rCorr Dex+3}
 19927 | D:14     | Found a gate to the Vaults.
 20142 | D:14     | Found a portal to a secret trove of treasure.
 20638 | D:15     | Entered Level 15 of the Dungeon
 20919 | D:15     | Found a frozen archway.
 20932 | IceCv    | Entered an ice cave
 21038 | IceCv    | Reached skill level 22 in Axes
 21259 | IceCv    | Received a gift from Trog
 21478 | IceCv    | Reached XP level 16. HP: 146/159 MP: 15/15
 21517 | IceCv    | Noticed a shard shrike
 21527 | IceCv    | Killed a shard shrike
 21956 | D:15     | Found an iron altar of Okawaru.
 22018 | D:15     | Found a staircase to the Depths.
 22298 | D:15     | Identified the ring of Eheinon {rPois rC+}
 22518 | D:8      | Killed Gastronok
 22519 | D:8      | Reached skill level 23 in Axes
 22698 | Swamp:1  | Entered Level 1 of the Swamp
 22793 | Swamp:1  | You are sucked into a shaft and drop 1 floor!
 22793 | Swamp:2  | Noticed Roxanne
 22830 | Swamp:2  | HP: 2/160 [poison (poison gas)]
 22845 | Swamp:2  | HP: 3/160 [acid (10)]
 22845 | Swamp:2  | Slain by a goliath frog

Illustrated notes

Levels and vault maps discovered:
D:1:      dpeg_arrival_fog, layout_loops_ring
D:2:      layout_loops_corners, minmay_hexomino_c4
D:3:      layout_basic, kiku_gazebo_pond_becter, minmay_misc_feat_iff
D:4:      layout_gridville, ashenzari_conservatory_becter, minmay_cut_off,
          uniq_natasha, uniq_eustachio
D:5:      layout_basic, serial_shops, shop, st_stairs_8, nicolae_custom_books,
          corexii_hall_statues_l
D:6:      layout_basic, minmay_temple_entry_proselytizer, uniq_grinder
D:7:      layout_rooms, nicolae_uskayaw_suspiria, minmay_between, uniq_duvessa
D:8:      layout_basic, riverfiend_overflow_shadow_ancestor,
          grunt_temple_overflow_diamond, serial_library_hellmonk_room_a,
          uniq_gastronok, uniq_joseph, uniq_maurice
D:9:      layout_stronghold, lair_entry_dummy, david_orc_1_choice
D:10:     layout_rooms, kennysheep_orc_sif_temple
D:11:     layout_cave_pools
D:12:     layout_cave_pools, nicolae_letterblocks [nicolae_letter_subblock,
          nicolae_letter_subblock, nicolae_letter_subblock,
          nicolae_letter_subblock, nicolae_letter_subblock,
          nicolae_letter_subblock, nicolae_letter_subblock,
          nicolae_letter_subblock, nicolae_letter_subblock,
          nicolae_letter_subblock, nicolae_letter_subblock,
          nicolae_letter_subblock, nicolae_letter_subblock,
          nicolae_letter_subblock, nicolae_letter_subblock,
          nicolae_letter_subblock, nicolae_letter_subblock,
          nicolae_letter_subblock, nicolae_letter_subblock,
          nicolae_letter_subblock, nicolae_letter_subblock,
          nicolae_letter_subblock, nicolae_letter_subblock,
          nicolae_letter_subblock, nicolae_letter_subblock]
D:13:     layout_basic
D:14:     layout_roguey, david_vaults_5, nicolae_sextant, serial_glass,
          glass_columns_b, glass_columns_a, nicolae_trove_entry_free_sample
D:15:     gammafunk_enter_depths_forms, layout_gridville, serial_park_tiny_1,
          portal_ice_cave_entry_frozen_things,
          hellmonk_okawaru_the_only_friend_you_need
Lair:1:   layout_small_grid, nicolae_volcano_entry_batcave, lemuel_fruit_fields,
          uniq_fannar, uniq_amaemon
Lair:2:   layout_chaotic_city, palyth_hydra_swamp_entry, serial_bayou_shore_b,
          grunt_megastairs_1, uniq_urug
Lair:3:   layout_regular_city, spider_nest_entry_web_field,
          nicolae_quartered_pool_medium, columned_hall_lemuel, uniq_snorg,
          uniq_prince_ribbit2, uniq_nergalle
Lair:4:   layout_gridlike, minmay_slime_entry_oklob_open, basic_altar,
          ebering_ghost_disaster_area, grunt_megastairs_5
Lair:5:   cheibrodos_lair_end_hotspot, layout_gridlike, serial_bayou_shore_a
Swamp:1:  layout_basic_swamp, nicolae_swamp_some_circles, uniq_kirke
Swamp:2:  layout_falls_marsh, evilmike_swamp_ruin_house_2,
          nicolae_swamp_tree_isthmus, uniq_roxanne
Orc:1:    nicolae_orc_accident_2, layout_diamond_mine, uniq_jorgrun
Orc:2:    pf_orc_diabolical, layout_diamond_mine, basic_altar, roderic_batcave,
          elf_legates

Skill      XL: |  1  2  3  4  5  6  7  8  9 10 11 12 13 14 15 16 |
---------------+-------------------------------------------------+-----
Fighting       | 4 5 6 7 9 10 12 13 15 16 17 18 19 | 19.0
Axes           | 4 5 6 7 8 10 12 14 16 18 20 22 23 | 23.1
Armour         | 3 4 5 6 8 10 11 13 14 15 17 18 | 18.7
Dodging        | |  2.1

Action                     |  1- 3 |  4- 6 |  7- 9 | 10-12 | 13-15 | 16-18 || total
---------------------------+-------+-------+-------+-------+-------+-------++-------
  Melee: Hand axe          |    94 |   105 |   205 |       |       |       ||   404
         Punch             |     1 |     1 |     1 |     6 |       |       ||     9
         Headbutt          |    13 |    13 |    51 |   100 |   144 |    19 ||   340
         War axe           |       |       |    66 |   296 |       |       ||   362
         Battleaxe         |       |       |       |   194 |       |       ||   194
         Executioner's axe |       |       |       |    22 |   678 |    99 ||   799
 Invoke: Trog's Hand       |       |       |       |       |       |     1 ||     1
         Brothers in Arms  |       |       |       |       |       |     1 ||     1
    Use: Scroll            |       |       |     6 |    16 |    12 |       ||    34
         Potion            |       |       |       |       |       |     2 ||     2
 Armour: Plate armour      |    84 |    92 |   253 |   400 |   805 |   107 ||  1741
  Dodge: Dodged            |    40 |    44 |    92 |   200 |   291 |    36 ||   703

Table legend: (Time is in decaauts)
 A = Elapsed time spent in this place.
 B = Non-inter-level travel time spent in this place.
 C = Inter-level travel time spent in this place.
 D = Time resting spent in this place.
 E = Time spent auto-exploring this place.
 F = Levels seen in this place.
 G = Mean time per level.
                   A        B        C        D        E       F      G
               +--------+--------+--------+--------+--------+-----+--------+
         Total |  22898 |  20880 |   2018 |   1695 |  14552 |  26 |  880.7 |
       Dungeon |  13961 |  12600 |   1361 |    974 |   9056 |  15 |  930.7 |
          Lair |   4997 |   4501 |    496 |     76 |   3707 |   5 |  999.4 |
         Swamp |    136 |    136 |      0 |     20 |     52 |   2 |   68.0 |
  Orcish Mines |   2477 |   2317 |    160 |    516 |   1116 |   2 | 1238.5 |
      Ice Cave |    804 |    804 |      0 |     53 |    502 |   1 |  804.0 |
       Volcano |    520 |    520 |      0 |     56 |    119 |   1 |  520.0 |
               +--------+--------+--------+--------+--------+-----+--------+

Top non-repeatable levels by time:
   Orc:2: 1692 daAuts
     D:6: 1637 daAuts
     D:9: 1419 daAuts
     D:8: 1211 daAuts
  Lair:4: 1123 daAuts
  Lair:5: 1122 daAuts
     D:5: 1119 daAuts
     D:2: 1015 daAuts
  Lair:1: 956 daAuts
    D:15: 927 daAuts
  Lair:2: 926 daAuts
  Lair:3: 868 daAuts
    D:14: 868 daAuts
    D:13: 855 daAuts
     D:7: 852 daAuts
